 Dungeon Crawl Stone Soup version 0.31.0-11-ge490571c62 (webtiles) character file.

Game seed: 8994661282025698790

180720 BobJudy the Tortoise (level 17, -1/170 HPs)
             Began as a Minotaur Monk on Feb 1, 2024.
             Was the Champion of Okawaru.
             Slain by a vault warden
             ... wielding a +2 vampiric war axe
              (19 damage)
             ... on level 1 of the Vaults.
             The game lasted 00:43:11 (31261 turns).

BobJudy the Tortoise (Minotaur Monk)               Turns: 31261, Time: 00:43:12

Health: -1/170     AC: 23    Str: 22    XL:     17   Next: 32%
Magic:  17/17      EV: 27    Int:  6    God:    Okawaru [******]
Gold:   1700       SH:  7    Dex: 21    Spells: 16/16 levels left

rFire   + + +        U - +3 war axe "Nelleatt" {pain, rF+ Will+ Dex+3}
rCold   + . .        d - orb {light}
rNeg    + . .        a - +0 swamp dragon scales
rPois   +            e - +0 hat "Seps" {rElec rF+++ Regen+ Int-4}
rElec   +            M - +2 cloak
rCorr   +            L - +2 pair of gloves {hurl}
SInv    .            (no boots)
Will    +++..        m - amulet of Ineckefu {Reflect *Slow rF++ Will+ Slay+2 SH+5}
Stlth   +            X - ring of the Octopus King {rCorr HP+2 AC+2 EV+2 SH+2}
HPRegen 1.28/turn    B - ring "Riacau" {rF+ rC+ rN+ Int+3 Dex+3}
MPRegen 0.15/turn

%: slow self (1%), reflection
@: marked, hasted, glowing, very quick
A: horns 2, retaliatory headbutt, talons 1, low MP 1
}: 1/15 runes: decaying
a: Renounce Religion, Heroism, Finesse, Duel


You were on level 1 of the Vaults.
You worshipped Okawaru.
Okawaru was exalted by your worship.
You visited 6 branches of the dungeon, and saw 28 of its levels.
You also visited: Bailey and Volcano.

You collected 3131 gold pieces.
You spent 1431 gold pieces at shops.

Inventory:

Hand Weapons
 o - a +5 broad axe of freezing
 U - the +3 war axe "Nelleatt" (weapon) {pain, rF+ Will+ Dex+3}
   (You bought it in a shop on level 2 of the Orcish Mines)

   Dex+3:     It affects your dexterity (+3).
   rF+:       It protects you from fire.
   Will+:     It increases your willpower.
 V - a +3 scimitar of flaming
Missiles
 r - 38 poisoned darts
 t - 8 darts of dispersal
 z - 11 javelins
 D - 6 curare-tipped darts
 S - 2 silver javelins (quivered)
 T - 23 boomerangs
Armour
 a - +0 swamp dragon scales (worn)
 d - an orb of light (worn)
 e - the +0 hat "Seps" (worn) {rElec rF+++ Regen+ Int-4}
   (Okawaru gifted it to you on level 4 of the Lair of Beasts)

   Int-4:     It affects your intelligence (-4).
   rF+++:     It renders you almost immune to fire.
   rElec:     It insulates you from electricity.
   Regen+:    It increases your rate of health regeneration.
 q - +5 acid dragon scales
 L - a +2 pair of gloves of hurling (worn)
 M - a +2 cloak (worn)
 P - a +0 kite shield of reflection
 Q - +0 fire dragon scales
Jewellery
 g - an amulet of reflection
 m - the amulet of Ineckefu (around neck) {Reflect *Slow rF++ Will+ Slay+2 SH+5}
   (You acquired it on level 2 of the Swamp)

   [amulet of reflection]

   Reflect:   It reflects blocked missile attacks.
   Slay+2:    It affects your accuracy & damage with ranged weapons and melee
   (+2).
   rF++:      It greatly protects you from fire.
   Will+:     It increases your willpower.
   *Slow:     It may slow you when you take damage.
   SH+5:      It affects your SH (+5).
 n - a ring of wizardry
 B - the ring "Riacau" (right hand) {rF+ rC+ rN+ Int+3 Dex+3}
   (You found it on level 7 of the Dungeon)

   [ring of protection from cold]

   Int+3:     It affects your intelligence (+3).
   Dex+3:     It affects your dexterity (+3).
   rF+:       It protects you from fire.
   rC+:       It protects you from cold.
   rN+:       It protects you from negative energy.
 X - a ring of the Octopus King (left hand) {rCorr HP+2 AC+2 EV+2 SH+2}
   (You bought it in a shop on level 11 of the Dungeon)

   [ring of resist corrosion]

   AC+2:      It affects your AC (+2).
   EV+2:      It affects your evasion (+2).
   HP+2:      It affects your health (+2).
   rCorr:     It protects you from acid and corrosion.
   SH+2:      It affects your SH (+2).
Wands
 v - a wand of iceblast (32)
 C - a wand of mindburst (39)
 E - a wand of polymorph (9)
 H - a wand of flame (61)
 I - a wand of acid (13)
 K - a wand of digging (7)
Scrolls
 l - 2 scrolls of fog
 p - a scroll of silence
 u - 8 scrolls of teleportation
 x - a scroll of enchant armour
 y - 2 scrolls of immolation
 J - 2 scrolls of poison
 O - 20 scrolls of identify
 Y - 2 scrolls of revelation
Potions
 b - a potion of haste
 c - 4 potions of might
 f - 10 potions of curing
 h - 7 potions of enlightenment
 i - 8 potions of brilliance
 j - 4 potions of invisibility
 s - 5 potions of cancellation
 w - 3 potions of ambrosia
 F - a potion of lignification
 N - 6 potions of mutation
Miscellaneous
 A - a lightning rod (4/4)
 R - a phial of floods


   Skills:
 - Level 19.3 Fighting
 - Level 18.0 Axes
 - Level 20.3 Armour
 + Level 18.7 Dodging
 - Level 4.7 Stealth
 - Level 4.7 Invocations


You had 16 spell levels left.
You didn't know any spells.
Your spell library contained the following spells:

 Spells                   Type           Power      Damage    Failure   Level
 Apportation              Tloc           0%         N/A       54%         1
 Freeze                   Ice            0%         1d3       54%         1
 Kiss of Death            Conj/Necr      0%         2d5       54%         1
 Magic Dart               Conj           0%         1d3       54%         1
 Slow                     Hex            0%         N/A       54%         1
 Blink                    Tloc           0%         N/A       69%         2
 Ensorcelled Hibernation  Hex/Ice        0%         N/A       69%         2
 Jinxbite                 Hex            0%         N/A       69%         2
 Lesser Beckoning         Tloc           0%         N/A       69%         2
 Momentum Strike          Conj/Tloc      0%         3d8       69%         2
 Confusing Touch          Hex            0%         N/A       89%         3
 Dazzling Flash           Conj/Hex       0%         N/A       89%         3
 Frozen Ramparts          Ice            0%         1d1       89%         3
 Gell's Gravitas          Tloc           0%         N/A       89%         3
 Hailstorm                Conj/Ice       0%         3d5       89%         3
 Mephitic Cloud           Conj/Alch/Air  0%         N/A       89%         3
 Passwall                 Erth           0%         N/A       89%         3
 Sigil of Binding         Hex            0%         N/A       89%         3
 Swiftness                Air            0%         N/A       89%         3
 Teleport Other           Tloc           0%         N/A       89%         3
 Vampiric Draining        Necr           0%         2d6       89%         3
 Dispel Undead            Necr           0%         3d6       100%        4
 Manifold Assault         Tloc           0%         N/A       100%        4
 Passage of Golubria      Tloc           0%         N/A       100%        4
 Alistair's Intoxication  Alch           0%         N/A       100%        5
 Borgnjor's Vile Clutch   Necr/Erth      0%         N/A       100%        5
 Curse of Agony           Necr           0%         N/A       100%        5
 Lee's Rapid Deconstruct  Erth           0%         3d4*      100%        5
 Silence                  Hex/Air        0%         N/A       100%        5
 Yara's Violent Unravell  Hex/Alch       0%         3d3       100%        5
 Conjure Ball Lightning   Conj/Air       0%         3x3d6     100%        6
 Dispersal                Tloc           0%         N/A       100%        6
 Enfeeble                 Hex            0%         N/A       100%        7
 Ozocubu's Refrigeration  Ice            0%         4d7       100%        7
 Discord                  Hex            0%         N/A       100%        8
 Disjunction              Tloc           0%         N/A       100%        8
 Polar Vortex             Ice            0%         N/A       100%        9
 Summon Small Mammal      Summ           Unusable   N/A       N/A         1
 Call Imp                 Summ           Unusable   N/A       N/A         2
 Call Canine Familiar     Summ           Unusable   N/A       N/A         3
 Tukima's Dance           Hex            Unusable   N/A       N/A         3
 Animate Armour           Summ/Erth      Unusable   N/A       N/A         4
 Animate Dead             Necr           Unusable   N/A       N/A         4
 Summon Blazeheart Golem  Fire/Summ      Unusable   N/A       N/A         4
 Summon Lightning Spire   Summ/Air       Unusable   N/A       N/A         4
 Death Channel            Necr           Unusable   N/A       N/A         6
 Sculpt Simulacrum        Ice/Alch       Unusable   N/A       N/A         6

Dungeon Overview and Level Annotations

Branches:
Dungeon (15/15)            Temple (1/1) D:4            Lair (5/5) D:10
  Swamp (4/4) Lair:3        Snake (0/4) Lair:3        Slime (0/5) Lair:5
    Orc (2/2) D:11            Elf (0/3) Orc:2        Vaults (1/5) D:14
 Depths (0/4) D:15         Bailey (visited)         Volcano (visited)

Altars:
Ashenzari
Cheibriados
Dithmenos
Elyvilon
Fedhas
Gozag
Hepliaklqana
Kikubaaqudgha
Makhleb
Nemelex Xobeh
Okawaru
Qazlal
Ru
Sif Muna
Trog
Uskayaw
Vehumet
Wu Jian
Xom
Yredelemnul
Zin
The Shining One

Shops:
D:7 *[   D:10 :   D:11 =   Orc:2 ([:*

Annotations:
Swamp:3 Roxanne


Innate Abilities, Weirdness & Mutations

You have a pair of horns on your head.
You reflexively headbutt those who attack you in melee.
You have sharp toenails.
Your magical capacity is low. (-10% MP)


Message History

The yaktaur captain barely misses you. You furiously retaliate!
You headbutt the yaktaur captain!
Things that are here:
an ugly thing corpse; an ugly thing corpse The vault warden blocks your attack.
You claw the vault warden, but do no damage.
You slash the yaktaur captain!
You hit the dire elephant but do no damage.
The vault warden hits you but does no damage.
The dire elephant tramples you but does no damage.
The dire elephant trunk-slaps you but does no damage.
The yaktaur captain hits you! The vault warden blocks your attack.
You claw the vault warden, but do no damage.
You slash the yaktaur captain! You hit the dire elephant.
The vault guard blocks your attack.
An arcanist comes into view. It is wielding a +3 dagger.
The vault guard barely misses you.
The vault warden hits you with a +2 vampiric war axe!
* * * LOW HITPOINT WARNING * * *
The dire elephant completely misses you.
You furiously retaliate!
You headbutt the dire elephant.
The dire elephant trunk-slaps you but does no damage.
You slice the vault warden!! You claw the vault warden.
The vault warden is moderately wounded.
You slash the vault guard! You slash the yaktaur captain!
You hit the dire elephant but do no damage.
Unknown command.
You feel yourself speed up. The vault warden closely misses you.
The arcanist casts a spell.
The arcanist seems to speed up.
The dire elephant barely misses you.
The dire elephant trunk-slaps you but does no damage.
The vault guard hits you with a +0 war axe!
* * * LOW HITPOINT WARNING * * *
The yaktaur captain hits you!!
* * * LOW HITPOINT WARNING * * *
You feel better.
A dire elephant comes into view.
The vault warden hits you with a +2 vampiric war axe!!
You die...

### ..#
..# Y.#
####Yp#
#.c@pY#
#.)†p.#
#.....#
###+###


You could see 3 dire elephants, a vault warden, a yaktaur captain, a vault guard
and an arcanist (fast).

Vanquished Creatures
  A tentacled monstrosity (Swamp:4)
  Mlioglotl (Swamp:3)
  Donald (Orc:2)
  An ironbound preserver (Vaults:1)
  An orc warlord (Orc:2)
  The ghost of Laqueoixx the Black Belt, a journeyman OpSh of Ashenzari (Lair:5)
  3 eleionomae
  2 bunyips
  2 dire elephants (Swamp:3)
  The ghost of bakla the Severer, a journeyman MiWr of the Shining One (D:11)
  Azrael (Orc:2)
  11 slime creatures
  A shambling mangrove (Swamp:4)
  Josephine (D:13)
  An entropy weaver (shapeshifter) (D:14)
  The ghost of bakla the Cleaver, a journeyman MiBe of Trog (D:11)
  A fire dragon (D:10)
  17 hydras
  Erolcha (Orc:2)
  Harold (D:11)
  A vault guard (D:14)
  2 ogre magi
  A rakshasa (D:15)
  Erica (D:11)
  A spriggan air mage (Swamp:3)
  2 ghost crabs
  6 alligators
  4 centaur warriors
  3 tengu warriors (D:13)
  A death knight (D:10)
  4 boulder beetles
  10 death yaks
  4 two-headed ogres
  Urug (Orc:2)
  An occultist (D:15)
  3 orc high priests (Orc:2)
  A hell knight (Volcano)
  A deep elf knight (Swamp:3)
  5 skysharks
  A sun demon (Volcano)
  5 spriggan druids
  12 swamp dragons
  A deep elf archer (Swamp:3)
  A glowing orange brain (D:15)
  2 spectral hydras (Lair:5)
  3 deep trolls (Vaults:1)
  5 goliath frogs
  3 bog bodies
  An ironbound convoker (Vaults:1)
  A lindwurm (Lair:4)
  6 orc knights
  17 ugly things
  3 deep elf pyromancers
  An oklob plant (D:12)
  5 will-o-the-wisps
  An orc sorcerer (Orc:2)
  A wolf spider (D:15)
  A salamander (Lair:3)
  7 cyclopes
  5 manticores
  2 kobold blastminers
  15 elephants
  A molten gargoyle (Volcano)
  A vault sentinel (Vaults:1)
  4 black mambas
  4 gargoyles
  11 cane toads
  3 unseen horrors (D:12)
  A yaktaur (D:15)
  3 rime drakes
  8 komodo dragons
  2 efreet
  A kobold demonologist (D:10)
  3 red devils (Volcano)
  2 trolls (shapeshifter) (D:15)
  5 trolls
  7 tyrant leeches
  4 polar bears
  Prince Ribbit (D:7)
  A tarantella (shapeshifter) (D:10)
  A wind drake (shapeshifter) (D:14)
  A raiju (Swamp:3)
  10 hornets
  19 blink frogs
  A spectral elephant (Lair:5)
  10 dream sheep
  20 spriggans
  10 wyverns
  3 shadows
  6 wraiths
  A centaur simulacrum (D:14)
  5 fire bats (Volcano)
  2 vampires
  4 steam dragons
  57 yaks
  A death yak simulacrum (Lair:5)
  7 basilisks
  3 wargs
  4 fire elementals (Orc:2)
  4 vampire mosquitoes
  14 swamp worms
  An acid dragon (D:13)
  13 water moccasins
  3 hydra simulacra (Lair:5)
  4 hell hounds (Orc:2)
  9 swamp drakes
  28 orc warriors
  7 black bears
  2 ice beasts
  26 wolves
  4 boggarts (Lair:5)
  11 ogres
  12 centaurs
  A tengu (shapeshifter) (D:15)
  2 phantoms
  2 kobold brigands
  10 bullfrogs
  3 gnoll sergeants
  A scorpion (D:5)
  11 wights
  15 killer bees
  3 howler monkeys
  An electric eel (Lair:3)
  5 lava snakes
  A gnoll bouda (D:8)
  5 orc priests
  2 hounds
  2 jellies
  5 hell rats (Lair:3)
  6 iguanas
  Natasha (thrice) (D:3)
  21 orc wizards
  24 gnolls
  9 adders
  A shadow imp (D:6)
  A white imp (D:7)
  2 dart slugs
  3 ribbon worms
  70 orcs
  11 endoplasms
  3 giant cockroaches
  3 hobgoblins
  11 jackals
  2 quokkas
  16 ball pythons
  6 bats
  6 frilled lizards
  5 goblins
  15 kobolds
  5 rats
858 creatures vanquished.

Vanquished Creatures (others)
  An angel (D:10)
  A red devil (Volcano)
  4 bloated husks
  2 tyrant leeches
  A swamp drake (Swamp:4)
  24 foxfires
33 creatures vanquished.

Grand Total: 891 creatures vanquished

Notes
Turn   | Place    | Note
-------+----------+-------------------------------------------
     0 | D:1      | BobJudy the Minotaur Monk began the quest for the Orb.
     0 | D:1      | Reached XP level 1. HP: 19/19 MP: 0/0
   104 | D:1      | Reached XP level 2. HP: 25/27 MP: 1/1
   192 | D:1      | HP: 1/27 [frozen (5)]
   362 | D:1      | Reached XP level 3. HP: 23/33 MP: 2/2
   865 | D:2      | Reached skill level 5 in Axes
   913 | D:2      | Found a faded altar of an unknown god.
  1274 | D:2      | Reached XP level 4. HP: 24/40 MP: 3/3
  1929 | D:3      | Found a sacrificial altar of Ru.
  1930 | D:3      | Found a radiant altar of Vehumet.
  1978 | D:3      | Reached XP level 5. HP: 8/46 MP: 4/4
  1979 | D:3      | HP: 2/46 [orc wizard/+0 dagger (2)]
  2251 | D:3      | Noticed Natasha
  2257 | D:3      | You are sucked into a shaft and drop 3 floors!
  2359 | D:6      | Reached XP level 6. HP: 50/53 MP: 5/5
  2370 | D:5      | Entered Level 5 of the Dungeon
  2672 | D:3      | Killed Natasha
  2673 | D:3      | Reached XP level 7. HP: 58/60 MP: 6/6
  2729 | D:3      | Noticed Natasha
  2732 | D:3      | Reached skill level 1 in Armour
  2733 | D:3      | Killed Natasha
  2836 | D:3      | Noticed Natasha
  2840 | D:3      | Killed Natasha
  2886 | D:3      | Found a shimmering blue altar of Sif Muna.
  2985 | D:4      | Reached skill level 5 in Fighting
  3324 | D:4      | Found a staircase to the Ecumenical Temple.
  3350 | Temple   | Entered the Ecumenical Temple
  3940 | D:4      | Reached skill level 1 in Stealth
  4096 | D:5      | Reached skill level 2 in Armour
  4482 | D:5      | Reached XP level 8. HP: 69/69 MP: 7/7
  4810 | D:5      | Reached skill level 3 in Armour
  5239 | D:6      | Reached skill level 10 in Axes
  5547 | D:6      | Reached skill level 4 in Armour
  5547 | D:6      | Reached skill level 5 in Dodging
  6036 | D:6      | Found a sparkling altar of Nemelex Xobeh.
  6059 | D:7      | Identified a scroll of acquirement
  6059 | D:7      | Acquired a manual of Fighting
  6065 | D:7      | Noticed Prince Ribbit
  6078 | D:7      | Killed Prince Ribbit
  6171 | D:7      | Found a shadowy altar of Dithmenos.
  6173 | D:7      | Identified the ring "Riacau" {rF+ rC+ rN+ Int+3 Dex+3}
  6375 | D:7      | Found Qeotiah's Assorted Antiques.
  6378 | D:7      | Bought a golden potion for 29 gold pieces
  6378 | D:7      | Bought a scroll labelled DICIVASTREO for 33 gold pieces
  6386 | D:7      | Found Kumal's Antique Armour Shoppe.
  6513 | D:7      | Found a glowing golden altar of the Shining One.
  6529 | D:7      | Reached XP level 9. HP: 78/78 MP: 8/8
  7284 | D:9      | Found an iron altar of Okawaru.
  7298 | D:9      | Became a worshipper of Warmaster Okawaru
  7298 | D:9      | Reached * piety under Okawaru
  7298 | D:9      | Reached ** piety under Okawaru
  7477 | D:9      | Reached skill level 5 in Armour
  7589 | D:9      | Reached XP level 10. HP: 61/91 MP: 9/9
  7596 | D:9      | Reached *** piety under Okawaru
  7598 | D:9      | Reached skill level 10 in Fighting
  7971 | D:9      | Reached skill level 6 in Armour
  8263 | D:10     | Entered Level 10 of the Dungeon
  8283 | D:10     | Noticed an angel
  8309 | D:10     | Noticed a cyclops
  8309 | D:10     | Noticed a manticore
  8315 | D:10     | Noticed a purple ugly thing
  8318 | D:10     | Killed a cyclops
  8318 | D:10     | Reached **** piety under Okawaru
  8320 | D:10     | Noticed a green ugly thing
  8321 | D:10     | Noticed a green ugly thing
  8322 | D:10     | Killed a manticore
  8333 | D:10     | Killed a purple ugly thing
  8348 | D:10     | Killed a green ugly thing
  8349 | D:10     | Reached skill level 7 in Armour
  8357 | D:10     | Noticed an orc knight
  8642 | D:10     | Found an opulent altar of Gozag.
  8662 | D:10     | Found a flagged portal.
  8669 | D:10     | Found Judaet's Book Shoppe.
  8671 | Bailey   | Entered a bailey
  8835 | Bailey   | Noticed an orc knight
  8844 | Bailey   | Killed an orc knight
  8845 | Bailey   | Reached XP level 11. HP: 72/107 MP: 10/10
  8972 | Bailey   | Reached skill level 8 in Armour
  8972 | Bailey   | Reached XP level 12. HP: 118/118 MP: 10/13
  9259 | Bailey   | Gained mutation: Your magical capacity is low. (-10% MP)
                  | [potion of mutation]
  9259 | Bailey   | Gained mutation: You have sharp toenails. [potion of
                  | mutation]
  9272 | D:10     | Reached skill level 15 in Fighting
  9275 | D:10     | Reached ***** piety under Okawaru
  9278 | D:10     | Reached skill level 9 in Armour
  9290 | D:10     | Found a staircase to the Lair.
  9492 | D:10     | Noticed a two-headed ogre
  9505 | D:10     | Killed a two-headed ogre
  9871 | D:10     | Identified the +0 ring mail of Pinwoom {rN+ Str+3 Int+3}
  9884 | D:10     | Identified the staff of Geemaf {Str-5 Int+3 Dex+6 Earth}
  9892 | D:10     | Found a runed translucent door.
  9892 | D:10     | Noticed an ogre mage
  9892 | D:10     | Noticed a death knight
  9893 | D:10     | Noticed a fire dragon
  9939 | D:10     | Killed an angel
  9982 | D:10     | Found a stormy altar of Qazlal.
  9992 | D:10     | Found a blossoming altar of Fedhas.
 10068 | D:10     | Found a glowing silver altar of Zin.
 10070 | D:10     | Found a shimmering altar of Xom.
 10439 | D:11     | Identified the +4 great mace of Bonaz {pain, ^Fragile rF+
                  | rCorr MP+9}
 10500 | D:11     | Found a runed translucent gate.
 10500 | D:11     | Found a runed translucent gate.
 10500 | D:11     | Found a runed translucent gate.
 10500 | D:11     | Noticed bakla's ghost (journeyman MiWr)
 10501 | D:11     | Noticed bakla's ghost (journeyman MiBe)
 10502 | D:11     | Noticed a boulder beetle
 10536 | D:11     | Killed a boulder beetle
 10739 | D:11     | Found a glowing silver altar of Zin.
 10791 | D:11     | Found Coguceth's Jewellery Boutique.
 10895 | D:11     | Found a staircase to the Orcish Mines.
 10937 | D:11     | Reached skill level 10 in Dodging
 11048 | D:11     | Noticed Harold
 11056 | D:11     | Killed Harold
 11298 | D:11     | Noticed Erica
 11306 | D:11     | Killed Erica
 11306 | D:11     | Received a gift from Okawaru
 11616 | Lair:1   | Entered Level 1 of the Lair of Beasts
 11644 | Lair:1   | Reached XP level 13. HP: 81/136 MP: 10/13
 12065 | Lair:1   | Received a gift from Okawaru
 12069 | Lair:1   | Reached skill level 10 in Armour
 13526 | Lair:2   | Received a gift from Okawaru
 13759 | Lair:2   | Reached skill level 11 in Armour
 14503 | Lair:3   | Found a staircase to the Snake Pit.
 14669 | Lair:3   | Reached skill level 12 in Armour
 14738 | Lair:3   | Received a gift from Okawaru
 14830 | Lair:3   | Reached skill level 13 in Armour
 15144 | Lair:3   | Found a staircase to the Swamp.
 15150 | Lair:3   | Reached XP level 14. HP: 128/146 MP: 14/14
 15709 | Lair:4   | Reached ****** piety under Okawaru
 15899 | Lair:4   | Acquired a +2 broad axe of freezing
 15899 | Lair:4   | Received a gift from Okawaru
 15902 | Lair:4   | Acquired the +0 hat "Seps" {rElec rF+++ Regen+ Int-4}
 15902 | Lair:4   | Received a gift from Okawaru
 15920 | Lair:4   | Reached skill level 14 in Armour
 16005 | Lair:4   | Received a gift from Okawaru
 16588 | Lair:5   | Entered Level 5 of the Lair of Beasts
 16797 | Lair:5   | Received a gift from Okawaru
 16801 | Lair:5   | Reached skill level 15 in Armour
 16886 | Lair:5   | Found a runed translucent gate.
 16886 | Lair:5   | Found a runed translucent gate.
 16886 | Lair:5   | Found a runed translucent gate.
 16914 | Lair:5   | Found a staircase to the Slime Pits.
 17112 | Lair:5   | Received a gift from Okawaru
 17451 | Lair:5   | Noticed Laqueoixx's ghost (journeyman OpSh)
 17498 | Lair:5   | Reached skill level 16 in Armour
 17593 | Lair:5   | Reached skill level 15 in Axes
 17725 | Lair:5   | Received a gift from Okawaru
 18075 | Lair:5   | Killed Laqueoixx's ghost
 18195 | Lair:4   | Reached XP level 15. HP: 152/152 MP: 15/15
 18675 | D:11     | Killed bakla's ghost
 18678 | D:11     | Killed bakla's ghost
 18753 | D:12     | Received a gift from Okawaru
 19306 | D:12     | Found a blossoming altar of Fedhas.
 19347 | D:12     | Reached skill level 17 in Armour
 19672 | D:13     | Noticed Josephine
 19681 | D:13     | Killed Josephine
 20031 | D:13     | Received a gift from Okawaru
 21061 | D:14     | Reached skill level 15 in Dodging
 21241 | D:14     | Reached skill level 18 in Armour
 21287 | D:14     | Found a gate to the Vaults.
 21614 | D:14     | Found a sacrificial altar of Ru.
 21640 | D:15     | Entered Level 15 of the Dungeon
 21667 | D:15     | Received a gift from Okawaru
 22336 | D:15     | Received a gift from Okawaru
 22673 | D:15     | Found a staircase to the Depths.
 22870 | D:11     | Bought a ring of the Octopus King {rCorr HP+2 AC+2 EV+2
                  | SH+2} for 902 gold pieces
 22870 | D:11     | Found the ring of the Octopus King {rCorr HP+2 AC+2 EV+2
                  | SH+2}
 22950 | Orc:1    | Entered Level 1 of the Orcish Mines
 23088 | Orc:1    | Found a dark tunnel.
 23098 | Volcano  | Entered a volcano
 23153 | Volcano  | Reached XP level 16. HP: 160/160 MP: 16/16
 23286 | Volcano  | Found a burning altar of Makhleb.
 23350 | Volcano  | Reached skill level 19 in Armour
 23879 | Orc:2    | Entered Level 2 of the Orcish Mines
 23884 | Orc:2    | Found Nuweil Amubb's Antique Armour Boutique.
 23911 | Orc:2    | Bought a glowing cloak for 255 gold pieces
 23942 | Orc:2    | Found a staircase to the Elven Halls.
 23958 | Orc:2    | Found Caocosue's General Store.
 24018 | Orc:2    | Noticed Donald
 24034 | Orc:2    | Killed Donald
 24239 | Orc:2    | Found Nidean's Book Shop.
 24346 | Orc:2    | Found Qefyhey's Antique Weapon Boutique.
 24355 | Orc:2    | Bought a faintly glowing war axe for 212 gold pieces
 24355 | Orc:2    | Identified the +3 war axe "Nelleatt" {pain, rF+ Will+
                  | Dex+3} (You bought it in a shop on level 2 of the Orcish
                  | Mines)
 24386 | Orc:2    | Noticed Erolcha
 24397 | Orc:2    | Killed Erolcha
 24401 | Orc:2    | Noticed Azrael
 24415 | Orc:2    | Received a gift from Okawaru
 24421 | Orc:2    | Killed Azrael
 24601 | Orc:2    | Noticed Urug
 24609 | Orc:2    | Killed Urug
 25078 | Swamp:1  | Entered Level 1 of the Swamp
 25843 | Swamp:2  | Received a gift from Okawaru
 25991 | Swamp:2  | Reached skill level 20 in Armour
 26142 | Swamp:2  | Acquired the amulet of Ineckefu {Reflect *Slow rF++ Will+
                  | Slay+2 SH+5}
 28229 | Swamp:3  | Acquired 807 gold pieces
 28572 | Swamp:3  | Noticed Roxanne
 28602 | Swamp:3  | Noticed Mlioglotl
 28615 | Swamp:3  | Killed Mlioglotl
 28615 | Swamp:3  | Received a gift from Okawaru
 29214 | Swamp:3  | Found an ancient bone altar of Kikubaaqudgha.
 29660 | Swamp:4  | Entered Level 4 of the Swamp
 29826 | Swamp:4  | HP: 6/161 [constriction (6)]
 29984 | Swamp:4  | Noticed a tentacled monstrosity
 29998 | Swamp:4  | Killed a tentacled monstrosity
 30005 | Swamp:4  | Reached XP level 17. HP: 115/168 MP: 17/17
 30657 | Swamp:4  | Got a decaying rune of Zot
 30693 | Swamp:4  | Received a gift from Okawaru
 31199 | Vaults:1 | Entered Level 1 of the Vaults
 31261 | Vaults:1 | Slain by a vault warden

Illustrated notes

Levels and vault maps discovered:
D:1:      spicycebolla_arrival_clurvy, layout_loops_ring, serial_bayou_pond_d,
          minmay_curled_crystal
D:2:      layout_loops_ring, ebering_ecumenical_altar_ruins, st_stairs_2,
          chequers_serial_rivers_room_b
D:3:      cheibrodos_helix_gallery, layout_basic,
          nicolae_sif_muna_little_library, nicolae_overflow_squiral,
          grunt_ministairs_9, uniq_natasha
D:4:      layout_layer_cave, minmay_temple_entry_enclosed_plants
D:5:      layout_basic, minmay_strange_pillars, kennysheep_donut
D:6:      layout_loops_ring, mainiacjoe_overflow_alcove_1
D:7:      layout_basic, nicolae_dithmenos_shadow_blocks, tso_oasis_becter,
          serial_shops, shop, nicolae_shop_behind_doors, uniq_prince_ribbit1
D:8:      layout_rooms, serial_library_hellmonk_hallway_b
D:9:      layout_basic, okawaru_trees_1, serial_glass, glass_columns_c,
          glass_columns_c, glass_columns_a, glass_columns_a
D:10:     minmay_the_grid_triangle_9x9_recursive_2_mashed
          [minmay_the_grid_triangle_9x9_prize_center,
          minmay_the_grid_triangle_9x9_subtriangle,
          minmay_the_grid_triangle_9x9_flanged_cone,
          minmay_the_grid_triangle_9x9_stretched_checkered], layout_long_grid,
          grunt_temple_overflow_order_and_chaos_1,
          grunt_temple_overflow_forces_of_nature, nicolae_gozag_seed_capital,
          minmay_lair_entry_grove, serial_shops, nicolae_shop_window_shopping,
          enter_bailey_2
D:11:     layout_irregular_city, hiddenorc1_lemuel, gammafunk_ghost_cemetery,
          gauntlet_entry_generic, serial_shops, shop, zin_statuary, uniq_harold,
          uniq_erica
D:12:     layout_loops_ring, tgw_fedhas
D:13:     layout_loops_corners, corexii_leaking_fountain, uniq_josephine
D:14:     layout_loops_ring, david_vaults_5, nicolae_ru_path_of_blood
D:15:     gammafunk_enter_depths_forms, layout_stronghold,
          hangedman_abyss_or_decor_clamps
Temple:   hellmonk_temple_micro_hex
Lair:1:   layout_regular_city, grunt_megastairs_3
Lair:2:   layout_roguey, serial_forest, infiniplex_forest_end_double,
          infiniplex_forest_clump_small, infiniplex_forest_straight_2,
          infiniplex_forest_straight_2, infiniplex_forest_join,
          infiniplex_forest_clump_tiny
Lair:3:   layout_chaotic_city, nicolae_swamp_entry_splash_gauntlet,
          nicolae_snake_entry_warm_welcome, chequers_serial_rivers_micro_d,
          lemuel_fruit_tree
Lair:4:   layout_regular_city, nzn_sisyphean_effort
Lair:5:   minmay_lair_end_enchanted_forest, layout_regular_city,
          dpeg_slime_entry_enclosed, gammafunk_ghost_necromancy
Swamp:1:  layout_basic_swamp, evilmike_swamp_ruin_rubble_2
Swamp:2:  layout_basic_swamp, nicolae_swamp_treefoil, swamp_pool_3,
          hangedman_swamp_diagram
Swamp:3:  layout_falls_marsh, lemuel_altar_in_water, hangedman_swamp_blocks,
          beargit_elvish_explorers, nicolae_swamp_long_stream, uniq_mlioglotl,
          uniq_roxanne
Swamp:4:  swamp, layout_basic_swamp, swamp_pool_1_2
Orc:1:    layout_diamond_mine, nicolae_volcano_entry_lava_flow,
          regret_index_minedec_shroomtown_chain
Orc:2:    grunt_orc_gardens, layout_caves, grunt_orc_garden, grunt_orc_garden,
          grunt_orc_garden, grunt_orc_garden, uniq_donald, uniq_urug,
          uniq_azrael, uniq_erolcha
Vaults:1: nicolae_vaults_ellipses_ellipsis, ontoclasm_vaults_bender,
          nicolae_vaults_more_shelving_1, nicolae_vaults_little_squares_3,
          nicolae_vaults_sealed_display, hangedman_vaults_cutoff,
          nicolae_vaults_what_the_h, nicolae_vaults_shelves_hall, v_misc_31,
          grunt_vaults_hallway_long, vaults_dpeg_encased_lava,
          nicolae_vaults_variable_pillar_hall, vaults_room_pools,
          vaults_dpeg_emergency_exit, vaults_dpeg_ring, layout_vaults_ring

Skill      XL: |  1  2  3  4  5  6  7  8  9 10 11 12 13 14 15 16 17 |
---------------+----------------------------------------------------+-----
Axes           | 4 5 6 7 8 9 11 14 15 16 18 | 18.0
Fighting       | 4 5 6 9 13 14 18 19 | 19.3
Dodging        | 4 5 7 8 10 12 14 15 17 18 | 18.7
Armour         | 2 4 5 7 8 9 13 16 18 20 | 20.3
Stealth        | 1 2 3 4 |  4.7
Invocations    | 3 4 |  4.7

Action                     |  1- 3 |  4- 6 |  7- 9 | 10-12 | 13-15 | 16-18 || total
---------------------------+-------+-------+-------+-------+-------+-------++-------
  Melee: Hand axe          |    84 |     9 |       |       |       |       ||    93
         Headbutt          |    14 |    24 |    71 |   104 |   299 |   225 ||   737
         War axe           |       |    70 |   267 |   348 |   355 |   562 ||  1602
         Kick              |       |       |       |       |   372 |   345 ||   717
         Scimitar          |       |       |       |       |    27 |    71 ||    98
         Broad axe         |       |       |       |       |   593 |    95 ||   688
  Throw: Javelin           |       |       |       |       |     1 |     7 ||     8
         Dart              |       |       |       |       |     1 |       ||     1
 Invoke: Heroism           |       |       |       |     6 |     6 |     3 ||    15
         Finesse           |       |       |       |     1 |     4 |       ||     5
         Receive Weapon    |       |       |       |       |     1 |       ||     1
         Receive Armour    |       |       |       |       |     1 |       ||     1
    Use: Scroll            |     2 |     5 |     9 |     4 |    10 |    12 ||    42
         Potion            |       |     1 |       |    12 |     3 |     8 ||    24
   Stab: Sleeping          |       |       |       |     2 |     1 |       ||     3
 Armour: Robe              |    43 |    41 |       |       |       |       ||    84
         Acid dragon scale |       |    36 |   165 |   193 |   605 |   213 ||  1212
         Swamp dragon scal |       |       |       |       |       |   479 ||   479
         Fire dragon scale |       |       |       |       |       |    19 ||    19
  Dodge: Dodged            |    53 |    72 |   204 |   268 |   811 |  1114 ||  2522
